 Dungeon Crawl Stone Soup version 0.26.1-11-gd32895ea62 (webtiles) character file.

Game seed: 7531198134974794794

3719 Elvor the Magician (level 10, -2/77 HPs)
             Began as a Gnoll Warper on July 12, 2021.
             Was a Priest of Okawaru.
             Slain by an unseen horror (9 damage)
             ... on level 7 of the Dungeon.
             The game lasted 01:01:44 (7375 turns).

Elvor the Magician (Gnoll Warper)                   Turns: 7375, Time: 01:01:45

Health: -2/77      AC:  7    Str: 16    XL:     10   Next: 14%
Magic:  16/20      EV: 20    Int: 15    God:    Okawaru [***...]
Gold:   119        SH:  5    Dex: 16    Spells: 17/23 levels left

rFire    + . .     SeeInvis .   x - +2 flail (venom)
rCold    . . .     Faith    .   G - +0 buckler
rNeg     . . .     Spirit   .   O - +1 leather armour {Will+}
rPois    .         Reflect  .   i - +0 helmet
rElec    .         Harm     .   (no cloak)
rCorr    .         Rampage  .   (no gloves)
Will     +....                  Q - +0 pair of boots
Stlth    +++.......             (no amulet)
HPRegen  0.22/turn              t - +4 ring of evasion
MPRegen  0.17/turn              w - ring of protection from fire

@: no status effects
A: distributed training, fangs 1, strong nose
a: Renounce Religion, Heroism


You were on level 7 of the Dungeon.
You worshipped Okawaru.
Okawaru was most pleased with you.
You visited 2 branches of the dungeon, and saw 8 of its levels.
You also visited: Sewer.

You collected 300 gold pieces.
You spent 181 gold pieces at shops.

Inventory:

Hand Weapons
 b - a +2 whip of pain
 f - a +3 mace
 x - a +2 flail of venom (weapon)
Missiles
 c - 214 stones
 e - 5 boomerangs of dispersal
 n - 88 sling bullets
 B - 5 boomerangs
 C - 11 atropa-tipped darts (quivered)
 J - 2 javelins
 R - a poisoned dart
 S - 16 silver boomerangs
Armour
 i - a +0 helmet (worn)
 y - a +2 robe of willpower
 G - a +0 buckler (worn)
 O - a +1 leather armour of willpower (worn)
 Q - a +0 pair of boots (worn)
Jewellery
 h - an uncursed ring of positive energy
 t - a +4 ring of evasion (left hand)
 w - a ring of protection from fire (right hand)
 I - the ring "Ywkes" {+Fly rF+++ rC- Will+ Int-5}
   (You found it on level 4 of the Dungeon)

   [ring of willpower]

   It affects your intelligence (-5).
   It renders you almost immune to fire.
   It makes you vulnerable to cold.
   It affects your willpower, your defense against some magical effects.
   It lets you fly.
 P - an uncursed ring of wizardry
Wands
 q - a wand of digging (2)
 D - a wand of flame (18)
 K - a wand of paralysis (4)
 N - a wand of acid (5)
 T - a wand of polymorph (7)
Scrolls
 a - a scroll of noise {unknown}
 d - a scroll of blinking
 g - 3 scrolls of magic mapping
 k - 3 scrolls of enchant weapon
 l - 2 scrolls of fog
 v - 8 scrolls of remove curse
 A - 5 scrolls of teleportation
 H - a scroll of immolation {unknown}
 L - 5 scrolls of amnesia
 M - a scroll of fear {unknown}
Potions
 j - 4 potions of might
 m - 3 potions of curing
 o - 3 potions of flight
 p - 2 potions of attraction {unknown}
 r - 4 potions of haste
 s - 2 potions of resistance {unknown}
 u - 3 potions of heal wounds
 z - 2 potions of brilliance {unknown}
 E - 2 potions of lignification {unknown}
 F - 2 potions of berserk rage {unknown}


   Skills:
 + Level 6.8 Fighting
 + Level 5.0 Short Blades
 + Level 5.0 Long Blades
 + Level 5.0 Axes
 + Level 6.8 Maces & Flails
 + Level 5.0 Polearms
 + Level 5.0 Staves
 + Level 5.0 Slings
 + Level 5.0 Bows
 + Level 5.0 Crossbows
 + Level 5.7 Throwing
 + Level 5.7 Armour
 + Level 6.8 Dodging
 + Level 5.0 Stealth
 + Level 5.0 Shields
 + Level 5.0 Unarmed Combat
 + Level 7.1 Spellcasting
 + Level 4.1 Conjurations
 + Level 4.1 Hexes
 + Level 4.1 Summonings
 + Level 4.1 Necromancy
 + Level 6.9 Translocations
 + Level 4.1 Transmutations
 + Level 4.1 Fire Magic
 + Level 4.1 Ice Magic
 + Level 4.1 Air Magic
 + Level 4.1 Earth Magic
 + Level 4.1 Poison Magic
 + Level 5.5 Invocations
 + Level 5.0 Evocations


You had 17 spell levels left.
You knew the following spells:

 Your Spells              Type           Power        Failure   Level
a - Blink                 Tloc           N/A          1%          2
b - Passage of Golubria   Tloc           N/A          9%          4

Your spell library contained the following spells:

 Spells                   Type           Power        Failure   Level
 Apportation              Tloc           52%          1%          1
 Animate Skeleton         Necr           34%          2%          1
 Corona                   Hex            18%          2%          1
 Summon Small Mammal      Summ           68%          2%          1
 Gell's Gravitas          Tloc           13%          2%          3
 Lesser Beckoning         Tloc           13%          2%          3
 Teleport Other           Tloc           26%          2%          3


Dungeon Overview and Level Annotations

Branches:
Dungeon (7/15)             Temple (1/1) D:4           Sewer (visited)

Altars:
Ashenzari
Cheibriados
Dithmenos
Elyvilon
Fedhas
Gozag
Hepliaklqana
Makhleb
Nemelex Xobeh
Okawaru
Qazlal
Ru
Sif Muna
Trog
Uskayaw
Vehumet
Xom
Yredelemnul
Zin
The Shining One

Shops:
D:4 ?*[[[


Innate Abilities, Weirdness & Mutations

Your experience applies equally to all skills.
You have very sharp teeth.
Your uncanny sense of smell can sniff out nearby items.


Message History

Confirm with . or Enter, or press ? or * to list all spells.
You blink.
Something barely misses you. Something hits you!
* * * LOW HITPOINT WARNING * * *
You block something's attack. Something hits you but does no damage.
There is an open door here.
Casting: Blink (safe; 1% risk of failure)
Confirm with . or Enter, or press ? or * to list all spells.
You blink.
Something hits you.
* * * LOW HITPOINT WARNING * * *
Casting: Blink (safe; 1% risk of failure)
Confirm with . or Enter, or press ? or * to list all spells.
Okay, then.
Blink to where?
Press: ? - help, Dir - move target
As you read the scroll of blinking, it crumbles to dust.
There is an open door here.
Something hits you!
You die...

##.##.###.......##.# #.#
#.####.
∆#.#∆###.#.#.#.#.#.#
#.###.# #. #+#
#####'#####.####.#...####.
#....#....#...............
#.##...##.#.####.#...#####
∆ ∆ #.##...##.#.# #......#
#...###...#.####..##.## ##
∆ ∆ +#..#....#'.......####
#. #...###..@#.#####.# #.
∆ ∆ #.##...##.#.# #.# #.
#.##...##.#.# #.# ##
#....#....#.# #.#
##+#########'#####.# #.#
...................# #.#
#.######...######### #.#
#.#####....# #.#
......#.##.######
######.#####


There were no monsters in sight!

Vanquished Creatures
  A manticore (D:7)
  Sigmund (D:3)
  A yak (D:7)
  A wraith (D:6)
  Duvessa (D:5)
  4 ice beasts
  3 phantoms
  An orc warrior (D:6)
  2 centaurs
  3 ogres
  A big kobold (Sewer)
  5 bullfrogs
  Dowan (D:5)
  4 scorpions
  A centaur zombie (D:7)
  A quasit (D:7)
  3 hounds
  An orc priest (D:6)
  2 orc wizards (D:6)
  A bullfrog skeleton (D:6)
  An iron imp (D:5)
  Jessica (D:2)
  2 iguanas
  Ijyb (D:5)
  Natasha (thrice) (D:2)
  5 worker ants
  A killer bee zombie (D:6)
  A hound zombie (D:7)
  A hound skeleton (D:5)
  11 gnolls
  12 adders
  A river rat (Sewer)
  3 shadow imps
  An ufetubus (D:7)
  2 oozes
  4 worms
  A dart slug (D:2)
  7 leopard geckos
  14 orcs
  4 bats
  8 giant cockroaches
  7 hobgoblins
  5 jackals
  11 kobolds
  3 quokkas
  A ball python (D:2)
  5 frilled lizards
  10 goblins
  A goblin zombie (D:5)
  A hobgoblin zombie (D:5)
  A kobold skeleton (D:5)
  2 kobold zombies (D:5)
  2 orc skeletons (D:5)
  An orc zombie (D:5)
  13 rats
185 creatures vanquished.

Notes
Turn   | Place    | Note
-------+----------+-------------------------------------------
     0 | D:1      | Elvor the Gnoll Warper began the quest for the Orb.
     0 | D:1      | Reached XP level 1. HP: 20/20 MP: 6/6
   199 | D:1      | Reached XP level 2. HP: 16/26 MP: 7/7
   202 | D:1      | Learned a level 2 spell: Blink
   517 | D:1      | Reached XP level 3. HP: 31/31 MP: 9/9
   602 | D:1      | Reached skill level 5 in Spellcasting
   802 | D:2      | Reached skill level 1 in Invocations
   840 | D:2      | Noticed Natasha
   860 | D:2      | Reached skill level 1 in Short Blades
   860 | D:2      | Reached skill level 1 in Long Blades
   860 | D:2      | Reached skill level 1 in Axes
   860 | D:2      | Reached skill level 1 in Polearms
   860 | D:2      | Reached skill level 1 in Staves
   860 | D:2      | Reached skill level 1 in Slings
   860 | D:2      | Reached skill level 1 in Bows
   860 | D:2      | Reached skill level 1 in Crossbows
   860 | D:2      | Reached skill level 1 in Stealth
   860 | D:2      | Reached skill level 1 in Shields
   860 | D:2      | Reached skill level 1 in Unarmed Combat
   860 | D:2      | Reached skill level 1 in Evocations
   873 | D:2      | Killed Natasha
   874 | D:2      | Reached XP level 4. HP: 34/38 MP: 9/11
   919 | D:2      | Reached skill level 1 in Conjurations
   919 | D:2      | Reached skill level 1 in Hexes
   919 | D:2      | Reached skill level 1 in Summonings
   919 | D:2      | Reached skill level 1 in Necromancy
   919 | D:2      | Reached skill level 1 in Transmutations
   919 | D:2      | Reached skill level 1 in Fire Magic
   919 | D:2      | Reached skill level 1 in Ice Magic
   919 | D:2      | Reached skill level 1 in Air Magic
   919 | D:2      | Reached skill level 1 in Earth Magic
   919 | D:2      | Reached skill level 1 in Poison Magic
  1344 | D:2      | Noticed Natasha
  1491 | D:2      | Reached XP level 5. HP: 31/43 MP: 12/12
  1549 | D:2      | Found an opulent altar of Gozag.
  1581 | D:2      | Killed Natasha
  1663 | D:2      | Noticed Jessica
  1677 | D:2      | Killed Jessica
  2123 | D:2      | Noticed Natasha
  2127 | D:2      | Killed Natasha
  2133 | D:2      | Reached XP level 6. HP: 24/50 MP: 13/13
  2637 | D:3      | Found a sparkling altar of Nemelex Xobeh.
  2737 | D:3      | Reached skill level 5 in Fighting
  2737 | D:3      | Reached skill level 5 in Maces & Flails
  2737 | D:3      | Reached skill level 5 in Dodging
  2744 | D:3      | Noticed Sigmund
  2753 | D:3      | Killed Sigmund
  2754 | D:3      | Reached XP level 7. HP: 44/56 MP: 15/15
  2776 | D:3      | Learned a level 4 spell: Passage of Golubria
  2949 | D:4      | Found a staircase to the Ecumenical Temple.
  2968 | D:4      | Found Ivit Ala's Antique Armour Boutique.
  2985 | D:4      | Found Nidouc's Antique Armour Emporium.
  2995 | D:4      | Noticed an angel
  2996 | D:4      | Found a glowing silver altar of Zin.
  3000 | D:4      | Found a shimmering altar of Xom.
  3069 | D:4      | Found Siuran's Armour Boutique.
  3086 | D:4      | Found Cemitian's Assorted Antiques.
  3122 | D:4      | Got a serpentine amber ring
  3444 | D:4      | Found a glowing drain.
  3450 | Sewer    | Entered a sewer
  3526 | Sewer    | Reached XP level 8. HP: 63/63 MP: 16/16
  3545 | Sewer    | Found a glowing silver altar of Zin.
  3704 | D:4      | Bought an amethyst potion for 19 gold pieces
  3704 | D:4      | Bought a scroll labelled WEJALO MERR for 22 gold pieces
  3704 | D:4      | Bought a scroll labelled TUEFAI DESU for 22 gold pieces
  3704 | D:4      | Bought a scroll labelled GUDE WYAVVEM for 22 gold pieces
  3704 | D:4      | Bought a scroll labelled KOEFIL MIZEI for 22 gold pieces
  3704 | D:4      | Bought a scroll labelled WEJALO MERR for 22 gold pieces
  3730 | D:4      | Found Xiziorawk's Magic Scroll Shoppe.
  3737 | D:4      | Bought a scroll of identify for 26 gold pieces
  3743 | D:4      | Bought a scroll of fog for 26 gold pieces
  3819 | D:4      | Identified the ring "Ywkes" {+Fly rF+++ rC- Will+ Int-5}
                  | (You found it on level 4 of the Dungeon)
  3860 | Temple   | Entered the Ecumenical Temple
  3900 | Temple   | Became a worshipper of Warmaster Okawaru
  4352 | D:5      | Entered Level 5 of the Dungeon
  4455 | D:5      | Found a glowing golden altar of the Shining One.
  4551 | D:5      | Noticed Ijyb
  4565 | D:5      | Killed Ijyb
  4612 | D:5      | Reached skill level 6 in Spellcasting
  4818 | D:5      | Noticed Dowan
  4820 | D:5      | Noticed Duvessa
  4830 | D:5      | Killed Duvessa
  4839 | D:5      | Killed Dowan
  4839 | D:5      | Reached * piety under Okawaru
  5159 | D:5      | Reached XP level 9. HP: 68/69 MP: 18/18
  5207 | D:6      | Found a stormy altar of Qazlal.
  5265 | D:6      | Found a shadowy altar of Dithmenos.
  5684 | D:6      | Reached skill level 5 in Throwing
  5684 | D:6      | Reached skill level 5 in Armour
  5686 | D:6      | Reached ** piety under Okawaru
  6887 | D:7      | Reached skill level 5 in Invocations
  7246 | D:7      | Noticed a manticore
  7268 | D:7      | Killed a manticore
  7269 | D:7      | Reached skill level 7 in Spellcasting
  7269 | D:7      | Reached XP level 10. HP: 46/77 MP: 20/20
  7358 | D:7      | Reached *** piety under Okawaru
  7359 | D:7      | Reached skill level 5 in Short Blades
  7359 | D:7      | Reached skill level 5 in Long Blades
  7359 | D:7      | Reached skill level 5 in Axes
  7359 | D:7      | Reached skill level 5 in Polearms
  7359 | D:7      | Reached skill level 5 in Staves
  7359 | D:7      | Reached skill level 5 in Slings
  7359 | D:7      | Reached skill level 5 in Bows
  7359 | D:7      | Reached skill level 5 in Crossbows
  7359 | D:7      | Reached skill level 5 in Stealth
  7359 | D:7      | Reached skill level 5 in Shields
  7359 | D:7      | Reached skill level 5 in Unarmed Combat
  7359 | D:7      | Reached skill level 5 in Evocations
  7375 | D:7      | Slain by an unseen horror

Illustrated notes

Levels and vault maps discovered:
D:1:      dpeg_arrival_morbid_curiosity, layout_basic
D:2:      layout_basic, overflow_temple_1_default, uniq_natasha, uniq_jessica
D:3:      layout_rooms, nemelex_altar_shiori, uniq_sigmund
D:4:      layout_loops_ring, grunt_temple_overflow_order_and_chaos_1,
          minmay_temple_entry_hall, gup_sewer_entry_spiral, serial_shops,
          shop_fountains, shop, shop, nicolae_shop_overgrown_old_shop, shop,
          serial_bayou_pond_d
D:5:      layout_basic, nicolae_tso_besieged_by_evil, grunt_ministairs_15,
          uniq_duvessa, uniq_ijyb
D:6:      layout_cave_pods, nicolae_qazlal_general_emergency,
          grunt_dithmenos_smoke
D:7:      layout_loops_ring, grunt_ministairs_2, kennysheep_cross_bottleneck,
          hangedman_decor_diamond_cutter, minmay_the_grid_2x2
          [minmay_the_grid_armoury, minmay_the_grid_square_x,
          minmay_the_grid_tiny_cups, minmay_the_grid_prize_trominoes]
Temple:   regret_index_temple_generic_petals

Skill      XL: |  1  2  3  4  5  6  7  8  9 10 |
---------------+-------------------------------+-----
Spellcasting   | 5 6 7 |  7.1
Invocations    | 1 2 3 4 5 |  5.5
Short Blades   | 1 2 3 4 5 |  5.0
Long Blades    | 1 2 3 4 5 |  5.0
Axes           | 1 2 3 4 5 |  5.0
Polearms       | 1 2 3 4 5 |  5.0
Staves         | 1 2 3 4 5 |  5.0
Slings         | 1 2 3 4 5 |  5.0
Bows           | 1 2 3 4 5 |  5.0
Crossbows      | 1 2 3 4 5 |  5.0
Stealth        | 1 2 3 4 5 |  5.0
Shields        | 1 2 3 4 5 |  5.0
Unarmed Combat | 1 2 3 4 5 |  5.0
Evocations     | 1 2 3 4 5 |  5.0
Conjurations   | 1 2 3 4 |  4.1
Hexes          | 1 2 3 4 |  4.1
Summonings     | 1 2 3 4 |  4.1
Necromancy     | 1 2 3 4 |  4.1
Transmutations | 1 2 3 4 |  4.1
Fire Magic     | 1 2 3 4 |  4.1
Ice Magic      | 1 2 3 4 |  4.1
Air Magic      | 1 2 3 4 |  4.1
Earth Magic    | 1 2 3 4 |  4.1
Poison Magic   | 1 2 3 4 |  4.1
Throwing       | 3 4 5 |  5.7
Armour         | 3 4 5 |  5.7
Fighting       | 5 6 |  6.8
Maces & Flails | 5 6 |  6.8
Dodging        | 5 6 |  6.8
Translocations | 6 |  6.9

Action                   |  1- 3 |  4- 6 |  7- 9 | 10-12 || total
-------------------------+-------+-------+-------+-------++-------
Melee: Mace              |    70 |    77 |       |       ||   147
       Bite              |     4 |    11 |    32 |     2 ||    49
       Punch             |       |     1 |       |       ||     1
       Flail             |       |    27 |   332 |    15 ||   374
Throw: Stone             |    21 |    60 |    13 |       ||    94
       Dart              |       |    11 |    49 |     6 ||    66
       Boomerang         |       |       |    10 |       ||    10
       Throwing net      |       |       |     1 |       ||     1
 Cast: Blink             |     1 |     2 |     5 |     5 ||    13
Evoke: Wand              |       |     4 |     8 |       ||    12
  Use: Potion            |       |     1 |       |       ||     1
       Scroll            |       |       |     9 |     1 ||    10
 Stab: Invisible         |       |     1 |     1 |       ||     2
       Sleeping          |       |       |    10 |       ||    10
Armor: Leather armour    |    11 |    13 |    36 |     5 ||    65
Dodge: Dodged            |    62 |    69 |   220 |    19 ||   370
Block: Buckler           |       |       |    66 |     5 ||    71
